 Dungeon Sprint DCSS version 0.21-a0-400-g417d9d2 (webtiles) character file.

24 Kidiri the Magician (level 2, -4/13 HPs)
             Began as a Deep Elf Fire Elementalist on Oct 20, 2017.
             Slain by a water elemental (12 damage)
             ... in the Dungeon (Sprint III: "The Ten Rune Challenge").
             The game lasted 00:02:48 (285 turns).

Kidiri the Magician (Deep Elf Fire Elementalist)     Turns: 285, Time: 00:02:49

Health: -4/13      AC:  3    Str:  5    XL:     2   Next: 79%
Magic:  7/11       EV: 13    Int: 19    God:
Gold:   44         SH:  0    Dex: 15    Spells: 10/13 levels left

rFire    . . .     SeeInvis .   (no weapon)
rCold    . . .     Gourm    .   (no shield)
rNeg     . . .     Faith    .   a - +1 robe
rPois    .         Spirit   .   (helmet restricted)
rElec    .         Reflect  .   (no cloak)
rCorr    .         Harm     .   (no gloves)
MR       .....     Rnd*Rage +   (no boots) Stlth ++........NoTele +
                                (no amulet)
HPRegen  0.04/turn              (no ring)
MPRegen  0.12/turn              (no ring)

@: very slightly contaminated
A: horns 1, berserk 1, frail 1, sturdy frame 1
a: no special abilities


You were in the Dungeon.
You were not hungry.

You visited 1 branch You collected 44 gold pieces.

Inventory:

Armour
 a - a +1 robe (worn)
Scrolls
 i - a scroll of blinking
 l - a scroll of holy word
 q - a scroll of remove curse
Potions
 d - a potion of curing
 f - a potion of haste
 g - 2 potions of magic
 h - 2 potions of berserk rage
 o - 4 potions of flight
Books
 b - a book of Flames

   Spells                             Type                      Level
   a - Flame Tongue                   Conjuration/Fire             1
   b - Throw Flame                    Conjuration/Fire             2
   c - Conjure Flame                  Conjuration/Fire             3
   d - Inner Flame                    Hexes/Fire                   3
   e - Sticky Flame                   Conjuration/Fire             4
   f - Fireball                       Conjuration/Fire             5
Comestibles
 c - 2 bread rations
 j - 2 chunks of flesh
 r - a meat ration


   Skills:
 - Level 2.4 Dodging
 - Level 2.4 Stealth
 * Level 6.0 Spellcasting
 + Level 3.1 Conjurations
 + Level 4.5 Fire Magic


You had 10 spell levels left.
You knew the following spells:

 Your Spells              Type           Power        Failure   Level  Hunger
a - Flame Tongue          Conj/Fire      ###..        2%          1    None
b - Throw Flame           Conj/Fire      ###...       3%          2    None


Dungeon Overview and Level Annotations

Branches:
Dungeon (1/1)

Altars:


Innate Abilities, Weirdness & Mutations

You have a pair of small horns on your head.
You tend to lose your temper in combat.
You are frail. (-10% HP)
Your movements are slightly less encumbered by armour. (ER -2)


Message History

Casting: Flame Tongue
Confirm with . or Enter, or press ? or * to list all spells.
Aiming: Flame Tongue
Press: ? - help, Shift-Dir - straight line, f/p - water elemental
Aim: a water elemental (heavily damaged)
The flame tongue hits the water elemental.
The water elemental is burned terribly!
The water elemental is severely damaged.
The water elemental hits you!
Ouch! That really hurt!
* * * LOW HITPOINT WARNING * * *
The water elemental engulfs you in water!
You feel much better.
Your lungs strain for air!
The water elemental misses you.
With effort, you pull free of the water engulfing you.
You gasp with relief as air once again reaches your lungs.
The water elemental hits you!
Ouch! That really hurt!
You die...

▓▓▓▓▓▓▓▓▓▓▓ ▓▓▓ ** <.#..+....♣♣
♣.#**************, ..#..#.....♣♣
♣♣.#___*___*__*∩*,* #'####....♣.♣
♣..#,,,*__,*,_*,,,, .....#....≈♣♣
♣♣.###+#+#**+**,,,,
.....#...≈≈.♣*♣♣.#......,,,,*,,,,
.....#..≈≈≈≈♣♣.♣.E.⌠....,,,,*,**,
####'#..≈≈≈≈≈≈♣♣@#...###***+*,,**
....÷#.≈≈≈≈≈≈....#,⌠.#__*,,,*+***
.÷...#.≈≈≈≈≈.....#,,.#__*,,,*,,≈≈
.....#.≈≈≈.......#+**#__*,,,*,*≈≈
'#####...........#,,,*__*,,,+,*,,
.................#___*__+,,,*,*,,
▓▓▓▓▓▓▓▓▓▓▓▓▓▓▓▓▓▓***************
*,,,+≈≈≈≈≈≈≈≈≈**,,,,,****≈≈≈,,,,,
*,,,*≈≈≈≈≈≈≈≈≈**,≈≈≈≈+**+*≈≈≈≈≈≈≈


You could see a water elemental.

Vanquished Creatures
  A human (D)
  A phantom (D)
  4 rats (D)
6 creatures vanquished.

Vanquished Creatures (others)
  2 draconian scorchers (D)
  6 hellions (D)
8 creatures vanquished.

Grand Total: 14 creatures vanquished

Notes
Turn   | Place    | Note
-------+----------+-------------------------------------------
     0 | D        | Kidiri the Deep Elf Fire Elementalist began the quest for the Orb.
     0 | D        | Reached XP level 1. HP: 10/10 MP: 6/6
    75 | D        | Reached skill level 4 in Spellcasting
    87 | D        | Killed a hellion
    87 | D        | Killed a hellion
    87 | D        | Killed a hellion
   111 | D        | Killed a hellion
   115 | D        | Killed a hellion
   122 | D        | Gained mutation: You have a pair of small antennae on your head. [potion of mutation]
   122 | D        | Gained mutation: Your mind is acute. (Int +2) [potion of mutation]
   122 | D        | Lost mutation: Your mind is acute. (Int +2) [potion of mutation]
   122 | D        | Gained mutation: You are resistant to electric shocks. (rElec) [potion of mutation]
   123 | D        | Lost mutation: You have a pair of small antennae on your head. [potion of mutation]
   123 | D        | Lost mutation: You are resistant to electric shocks. (rElec) [potion of mutation]
   123 | D        | Gained mutation: Your movements are slightly less encumbered by armour. (ER -2) [potion of mutation]
   123 | D        | Gained mutation: You tend to lose your temper in combat. [potion of mutation]
   123 | D        | Gained mutation: You are frail. (-10% HP) [potion of mutation]
   123 | D        | Gained mutation: You have a pair of small horns on your head. [potion of mutation]
   183 | D        | Killed a white draconian scorcher
   199 | D        | Killed a white draconian scorcher
   207 | D        | Reached skill level 6 in Spellcasting
   207 | D        | Reached XP level 2. HP: 13/13 MP: 4/11
   212 | D        | Learned a level 2 spell: Throw Flame
   214 | D        | Killed a hellion
   279 | D        | Noticed a water elemental
   285 | D        | Slain by a water elemental

Vault maps used:
D:        dungeon_sprint_mu

Skill      XL: |  1 |
---------------+----+-----
Spellcasting   | 6 |  6.0
Conjurations   | 3 |  3.1
Fire Magic     | 4 |  4.5
Dodging        | |  2.4
Stealth        | |  2.4

Action                   || total
-------------------------++-------
 Cast: Flame Tongue      ||    16
  Use: Scroll            ||     4
       Potion            ||     3
Dodge: Dodged            ||     3

Table legend:
 A = Spawn XP
 B = Non-spawn XP
 C = Spawn XP percentage of total XP
 D = Spawn monster count
 E = Non-spawn monster count
 F = Spawn count percentage of total count
 G = Total turns spent on level
                    A         B        C        D         E        F      G
               +---------+---------+-------+---------+---------+-------+---------
         Total |       0 |      35 |   0.0 |       0 |       6 |   0.0 |   285
               +---------+---------+-------+---------+---------+-------+---------
             D |       0 |      35 |   0.0 |       0 |       6 |   0.0 |   285
               +---------+---------+-------+---------+---------+-------+---------
